 Dungeon Crawl Stone Soup version 0.28-a0-957-g42eb19b844 (webtiles) character file.

Game seed: 15784726094435456899

2 Redcow54321 the Skirmisher (level 1, 0/14 HPs)
             Began as a Kobold Fighter on Nov 30, 2021.
             Slain by a gnoll (5 damage)
             ... on level 2 of the Dungeon.
             The game lasted 00:00:35 (168 turns).

Redcow54321 the Skirmisher (Kobold Fighter)          Turns: 168, Time: 00:00:35

Health: 0/14       AC:  6    Str: 13    XL:     1   Next: 33%
Magic:  1/1        EV: 10    Int:  9    God:
Gold:   0          SH:  5    Dex: 14    Spells: 0/0 levels left

rFire   . . .      SeeInvis .     - Unarmed
rCold   . . .      Faith    .   b - +0 buckler
rNeg    . . .      Spirit   .   a - +0 scale mail
rPois   .          Reflect  .   (no helmet)
rElec   .          Harm     .   (no cloak)
rCorr   .          Rampage  .   (no gloves)
Will    .....                   (no boots)
Stlth   +.........              (no amulet)
HPRegen 0.04/turn               (no ring)
MPRegen 0.07/turn               (no ring)

@: no status effects
A: small, no large weapons, nightstalker 3
a: no special abilities


You were on level 2 of the Dungeon.
You visited 1 branch of the dungeon, and saw 2 of its levels.

Inventory:

Armour
 a - a +0 scale mail (worn)
 b - a +0 buckler (worn)
Potions
 c - a potion of might


   Skills:
 + Level 3.3 Fighting
 + Level 2.4 Armour
 + Level 2.4 Shields
 + Level 2.0 Unarmed Combat


You couldn't memorise any spells.
You didn't know any spells.
Your spell library was empty.

Dungeon Overview and Level Annotations

Branches:
Dungeon (2/15)

Altars:


Innate Abilities, Weirdness & Mutations

You are small and have problems with some larger weapons.
You are completely attuned to the shadows.


Message History

There is a stone staircase leading up here.
A goblin comes into view. It is wielding a +0 club.
You closely miss the goblin. You hit the goblin but do no damage.
The goblin barely misses you.
You barely miss the goblin. The goblin closely misses you.
The rat bites you but does no damage.
You barely miss the goblin. You block the goblin's attack.
The rat completely misses you.
You completely miss the goblin. The goblin barely misses you.
The rat barely misses you.
You hit the goblin.
The goblin is heavily wounded.
You block the goblin's attack. The rat bites you but does no damage.
The goblin barely misses you. The rat bites you but does no damage.
The goblin hits you but does no damage. The rat barely misses you.
The goblin closely misses you. The rat closely misses you.
The goblin hits you but does no damage. You block the rat's attack.
The rat twitches its whiskers.
The rat completely misses you.
A kobold comes into view. It is wielding a +0 dagger.
The kobold shouts!
You hear a shout!
You block the rat's attack.
You hit the kobold.
You kill the kobold!
The rat bites you but does no damage.
You see here a +0 dagger.
A gnoll comes into view. It is wielding a +0 halberd.
A gnoll comes into view. It is wielding a +0 club.
The rat bites you. 2 gnolls come into view.
The gnoll shouts! x2
The gnoll closely misses you. You block the gnoll's attack.
The gnoll completely misses you. You block the gnoll's attack.
You block the gnoll's attack. The gnoll hits you with a +0 club!
Ouch! That really hurt!
The gnoll misses you.
The gnoll hits you from afar with a +0 spear.
You die...

#.# #.#
#.#
#.#......
#)#......
#.#......
#g#...g..
#..r.gg..
#.#.@....
####g....
#.....
#.....
#.....


You could see 4 gnolls, a goblin and a rat.

Vanquished Creatures
  A goblin (D:1)
  A kobold (D:2)
2 creatures vanquished.

Notes
Turn   | Place    | Note
-------+----------+-------------------------------------------
     0 | D:1      | Redcow54321 the Kobold Fighter began the quest for the Orb.
     0 | D:1      | Reached XP level 1. HP: 14/14 MP: 1/1
   168 | D:2      | Slain by a gnoll

Illustrated notes

Levels and vault maps discovered:
D:1:      minmay_arrival_shoal_huts, layout_basic, serial_shops, shop,
          nicolae_shop_advertising_works [nicolae_subvault_shop_adworks]
D:2:      layout_basic, hellmonk_ecumenical_altar_watching_god

Action                   || total
-------------------------++-------
Melee: Unarmed           ||     9
Armor: Scale mail        ||     7
Dodge: Dodged            ||    15
Block: Buckler           ||     8

Table legend: (Time is in decaauts)
 A = Elapsed time spent in this place.
 B = Non-inter-level travel time spent in this place.
 C = Inter-level travel time spent in this place.
 D = Time resting spent in this place.
 E = Time spent auto-exploring this place.
 F = Levels seen in this place.
 G = Mean time per level.
                   A        B        C        D        E       F      G
               +--------+--------+--------+--------+--------+-----+--------+
         Total |    171 |    171 |      0 |      0 |    102 |   2 |   85.5 |
       Dungeon |    171 |    171 |      0 |      0 |    102 |   2 |   85.5 |
               +--------+--------+--------+--------+--------+-----+--------+

Top non-repeatable levels by time:
     D:1: 129 daAuts
     D:2: 41 daAuts
